 Dungeon Crawl Stone Soup version 0.22-a0-179-gb5258fd (webtiles) character file.

903 wolfsongas the Protected (level 8, -2/63 HPs)
             Began as a Gnoll Wanderer on Feb 13, 2018.
             Killed from afar by Dowan (18 damage)
             ... with a shard of ice
             ... on level 5 of the Dungeon.
             The game lasted 00:07:31 (3809 turns).

wolfsongas the Protected (Gnoll Wanderer)           Turns: 3809, Time: 00:07:31

Health: -2/63      AC: 11    Str: 20    XL:     8   Next: 7%
Magic:  12/12      EV: 12    Int: 13    God:
Gold:   237        SH:  0    Dex: 19    Spells: 12/12 levels left

rFire    . . .     SeeInvis .   b - +0 hand axe
rCold    . . .     Gourm    .   (no shield)
rNeg     . . .     Faith    .   c - +2 scale mail
rPois    .         Spirit   .   i - +0 helmet
rElec    .         Reflect  .   (no cloak)
rCorr    .         Harm     .   (no gloves)
MR       .....                  (no boots)
Stlth    +.........             (no amulet)
HPRegen  0.20/turn              j - +4 ring of dexterity
MPRegen  0.13/turn              (no ring)

@: no status effects
A: distributed training, fangs 1, deterioration 1, strong 1, strong nose
a: no special abilities


You were on level 5 of the Dungeon.
You were not hungry.

You visited 1 branch of the dungeon, and saw 5 of its levels.

You collected 237 gold pieces.

Inventory:

Hand Weapons
 a - a +1 hand crossbow
 b - a +0 hand axe (weapon)
Missiles
 d - 15 bolts
Armour
 c - a +2 scale mail (worn)
 i - a +0 helmet (worn)
Jewellery
 j - a +4 ring of dexterity (left hand)
Scrolls
 h - 2 scrolls of identify
 m - a scroll of remove curse
Potions
 e - 2 potions of magic
 l - a potion of flight
Books
 k - a book of Cantrips

   Spells                             Type                      Level
   a - Confusing Touch                Hexes                        1
   b - Animate Skeleton               Necromancy                   1
   c - Summon Small Mammal            Summoning                    1
   d - Apportation                    Translocation                1
Comestibles
 f - 9 rations
 g - 2 chunks of flesh


   Skills:
 + Level 5.4 Fighting
 + Level 2.8 Short Blades
 + Level 2.8 Long Blades
 + Level 2.8 Axes
 + Level 2.8 Maces & Flails
 + Level 2.8 Polearms
 + Level 2.8 Staves
 + Level 2.8 Slings
 + Level 2.8 Bows
 + Level 5.4 Crossbows
 + Level 3.9 Throwing
 + Level 9.0 Armour
 + Level 2.8 Dodging
 + Level 2.8 Stealth
 + Level 2.8 Shields
 + Level 2.8 Unarmed Combat
 + Level 2.8 Spellcasting
 + Level 2.3 Conjurations
 + Level 2.3 Hexes
 + Level 2.3 Charms
 + Level 2.3 Summonings
 + Level 2.3 Necromancy
 + Level 2.3 Translocations
 + Level 2.3 Transmutations
 + Level 2.3 Fire Magic
 + Level 2.3 Ice Magic
 + Level 2.3 Air Magic
 + Level 2.3 Earth Magic
 + Level 2.3 Poison Magic
 + Level 3.1 Invocations
 + Level 3.9 Evocations


You had 12 spell levels left.
You didn't know any spells.

Dungeon Overview and Level Annotations

Branches:
Dungeon (5/15)
 Temple: D:4-7

Altars:

Annotations:
D:5 Dowan


Innate Abilities, Weirdness & Mutations

Your experience applies equally to all skills.
You have very sharp teeth.
Your uncanny sense of smell can sniff out nearby items.
Your body sometimes deteriorates upon taking damage.
Your muscles are strong. (Str +2)


Message History

Your +0 helmet unmelds from your body.
Your +2 scale mail unmelds from your body.
Your +4 ring of dexterity unmelds from your body.
You feel agile. The crimson imp misses you.
You barely miss Dowan. You bite Dowan.
Dowan is severely wounded.
You hit the crimson imp. Dowan hits you but does no damage.
The crimson imp closely misses you.
You closely miss Dowan. You bite Dowan, but do no damage.
Dowan is severely wounded.
You barely miss the crimson imp. Dowan hits you but does no damage.
The crimson imp blinks!
Dowan misses you.
You hit Dowan but do no damage. Your bite misses Dowan.
Dowan is severely wounded.
Dowan mumbles some strange words.
Dowan blinks!
Dowan points at you and mumbles some strange words.
The shard of ice hits you!
You die...

#+# #.# #.# #.#
##### #.#
#...####.###
#...')....@#
#...###>.ยงยง.......
#...# ###.5.......
#...# #......%..
##...## #.........
#.....# #...e.....
#.....# #.....###.
#.....# #.....#
######.....#


You could see Dowan and a crimson imp.

Vanquished Creatures
  The ghost of wolfsongas the Ducker, an amateur GnWn of Okawaru (D:3)
  Duvessa (D:5)
  2 phantoms
  An ogre (D:3)
  A jelly (D:3)
  A hound (D:4)
  An orc priest (D:3)
  A hound skeleton (D:4)
  11 adders
  4 oozes
  An adder skeleton (D:3)
  4 worms
  4 leopard geckos
  5 orcs (D:3)
  2 ball pythons (D:4)
  10 bats
  5 giant cockroaches
  14 goblins
  6 hobgoblins
  5 jackals
  4 quokkas
  7 frilled lizards
  A jackal skeleton (D:4)
  10 kobolds
  4 rats
106 creatures vanquished.

Notes
Turn   | Place    | Note
-------+----------+-------------------------------------------
     0 | D:1      | wolfsongas the Gnoll Wanderer began the quest for the Orb.
     0 | D:1      | wolfsongas set off with: a +2 scale mail, a +0 hand axe, a +0 hand crossbow, 26 bolts, a ration
     0 | D:1      | Reached XP level 1. HP: 20/20 MP: 2/2
    57 | D:1      | Reached XP level 2. HP: 26/26 MP: 3/3
   576 | D:1      | Reached XP level 3. HP: 31/31 MP: 4/4
  1040 | D:2      | Reached skill level 1 in Invocations
  1095 | D:2      | Reached skill level 1 in Short Blades
  1095 | D:2      | Reached skill level 1 in Long Blades
  1095 | D:2      | Reached skill level 1 in Axes
  1095 | D:2      | Reached skill level 1 in Maces & Flails
  1095 | D:2      | Reached skill level 1 in Polearms
  1095 | D:2      | Reached skill level 1 in Staves
  1095 | D:2      | Reached skill level 1 in Slings
  1095 | D:2      | Reached skill level 1 in Bows
  1095 | D:2      | Reached skill level 1 in Dodging
  1095 | D:2      | Reached skill level 1 in Stealth
  1095 | D:2      | Reached skill level 1 in Shields
  1095 | D:2      | Reached skill level 1 in Unarmed Combat
  1095 | D:2      | Reached skill level 1 in Spellcasting
  1110 | D:2      | Reached XP level 4. HP: 38/38 MP: 6/6
  1599 | D:3      | Reached skill level 1 in Conjurations
  1599 | D:3      | Reached skill level 1 in Hexes
  1599 | D:3      | Reached skill level 1 in Charms
  1599 | D:3      | Reached skill level 1 in Summonings
  1599 | D:3      | Reached skill level 1 in Necromancy
  1599 | D:3      | Reached skill level 1 in Translocations
  1599 | D:3      | Reached skill level 1 in Transmutations
  1599 | D:3      | Reached skill level 1 in Fire Magic
  1599 | D:3      | Reached skill level 1 in Ice Magic
  1599 | D:3      | Reached skill level 1 in Air Magic
  1599 | D:3      | Reached skill level 1 in Earth Magic
  1599 | D:3      | Reached skill level 1 in Poison Magic
  1706 | D:3      | Reached XP level 5. HP: 43/43 MP: 7/7
  1853 | D:3      | Noticed a phantom
  1875 | D:3      | Killed a phantom
  1875 | D:3      | Reached XP level 6. HP: 36/50 MP: 8/8
  2395 | D:3      | Gained mutation: Your body sometimes deteriorates upon taking damage. [potion of mutation]
  2395 | D:3      | Gained mutation: Your muscles are strong. (Str +2) [potion of mutation]
  2403 | D:3      | Reached skill level 5 in Fighting
  2403 | D:3      | Reached skill level 5 in Crossbows
  2784 | D:3      | Noticed wolfsongas's ghost (amateur GnWn)
  2835 | D:3      | Killed wolfsongas's ghost
  2835 | D:3      | Reached XP level 7. HP: 14/56 MP: 10/10
  3358 | D:4      | Reached skill level 9 in Armour
  3739 | D:5      | Entered Level 5 of the Dungeon
  3766 | D:5      | Noticed Dowan
  3767 | D:5      | Noticed Duvessa
  3796 | D:5      | Killed Duvessa
  3796 | D:5      | Reached XP level 8. HP: 21/63 MP: 12/12
  3809 | D:5      | Killed from afar by Dowan

Vault maps used:
D:1:      dpeg_arrival_arbitrary_c, kennysheep_another_room
D:3:      corexii_shack_village
D:5:      temple_fountains, first_ration, uniq_duvessa

Skill      XL: |  1  2  3  4  5  6  7 |
---------------+----------------------+-----
Invocations    | 1 2 3 |  3.1
Short Blades   | 1 2 |  2.8
Long Blades    | 1 2 |  2.8
Axes           | 1 2 |  2.8
Maces & Flails | 1 2 |  2.8
Polearms       | 1 2 |  2.8
Staves         | 1 2 |  2.8
Slings         | 1 2 |  2.8
Bows           | 1 2 |  2.8
Dodging        | 1 2 |  2.8
Stealth        | 1 2 |  2.8
Shields        | 1 2 |  2.8
Unarmed Combat | 1 2 |  2.8
Spellcasting   | 1 2 |  2.8
Conjurations   | 1 2 |  2.3
Hexes          | 1 2 |  2.3
Charms         | 1 2 |  2.3
Summonings     | 1 2 |  2.3
Necromancy     | 1 2 |  2.3
Translocations | 1 2 |  2.3
Transmutations | 1 2 |  2.3
Fire Magic     | 1 2 |  2.3
Ice Magic      | 1 2 |  2.3
Air Magic      | 1 2 |  2.3
Earth Magic    | 1 2 |  2.3
Poison Magic   | 1 2 |  2.3
Throwing       | 3 |  3.9
Evocations     | 3 |  3.9
Fighting       | 5 |  5.4
Crossbows      | 5 |  5.4
Armour         | 9 |  9.0

Action                   |  1- 3 |  4- 6 |  7- 9 || total
-------------------------+-------+-------+-------++-------
Melee: Hand axe          |       |    84 |   114 ||   198
       Bite              |       |    13 |    18 ||    31
       Punch             |       |     2 |     2 ||     4
       Unarmed           |       |       |    24 ||    24
 Fire: Hand crossbow     |    86 |   137 |       ||   223
  Use: Scroll            |     2 |     3 |     2 ||     7
       Potion            |       |     6 |     3 ||     9
  Eat: Chunk             |       |     6 |       ||     6
       Ration            |       |       |     2 ||     2
Armor: Scale mail        |    16 |    85 |    52 ||   153
       Skin              |       |    40 |       ||    40
Dodge: Dodged            |    15 |    71 |    80 ||   166

Table legend:
 A = Spawn XP
 B = Non-spawn XP
 C = Spawn XP percentage of total XP
 D = Spawn monster count
 E = Non-spawn monster count
 F = Spawn count percentage of total count
 G = Total turns spent on level
                    A         B        C        D         E        F      G
               +---------+---------+-------+---------+---------+-------+---------
         Total |       0 |    1291 |   0.0 |       0 |     106 |   0.0 |  3809
               +---------+---------+-------+---------+---------+-------+---------
           D:1 |       0 |      35 |   0.0 |       0 |      22 |   0.0 |   921
           D:2 |       0 |      96 |   0.0 |       0 |      25 |   0.0 |   669
           D:3 |       0 |     747 |   0.0 |       0 |      44 |   0.0 |  1494
           D:4 |       0 |     271 |   0.0 |       0 |      14 |   0.0 |   655
           D:5 |       0 |     142 |   0.0 |       0 |       1 |   0.0 |    70
               +---------+---------+-------+---------+---------+-------+---------
